Map: Romanticide LE

Players

HeroMarine - Winner!

  • Race: Terran Terran

ShoWTimE

  • Race: Protoss Protoss

Event: DreamHack SC2 Masters 2021 Fall

VOD

Have the link to the VOD?

Description

Time

  • Played on: Aug. 10, 2021, 12:37 p.m.
  • Length: 18:04

All games in this series

Show
View Real Time Build Order
Export as new Build Order

HeroMarine Terran - Winner!

Build Orders:  

Get SALT Encoding   

  12  0:00  SCV  
  13  0:12  SCV  
  14  0:17  Supply Depot  
  14  0:24  SCV  
  15  0:38  SCV  
  15  0:39  Barracks  
  16  0:45  Refinery  
  16  0:50  SCV  
  16  0:55  Refinery  
  17  1:03  SCV  
  18  1:15  SCV  
  19  1:26  Reaper  
  19  1:27  Orbital Command  
  20  1:44  Supply Depot  
  20  1:46  Factory  
  20  1:52  SCV  
  21  2:04  SCV  
  22  2:15  Command Center  
  22  2:17  SCV  
  23  2:28  Barracks Reactor  
  23  2:29  SCV  
  26  2:30  Widow Mine  
  26  2:35  Starport  
  26  2:41  SCV  
  26  2:43  Supply Depot  
  29  2:51  Widow Mine  
  29  2:53  SCV  
  30  3:04  Marine x2  
  30  3:05  SCV  
  33  3:11  Medivac  
  37  3:12  Widow Mine  
  37  3:17  SCV  
  38  3:22  Marine  
  38  3:27  Marine, Orbital Command  
  39  3:29  SCV  
  41  3:37  Factory Tech Lab  
  41  3:41  Viking, SCV  
  41  3:43  Marine  
  41  3:44  Marine, Orbital Command  
  45  3:51  Barracks  
  45  3:53  SCV  
  46  4:03  Marine  
  46  4:04  Marine  
  46  4:06  SCV  
  52  4:12  SCV  
  53  4:19  Barracks  
  53  4:21  Starport Tech Lab  
  53  4:22  Marine  
  53  4:23  Marine  
  53  4:24  Engineering Bay  
  53  4:27  Supply Depot  
  53  4:30  SCV x2  
  54  4:36  Supply Depot  
  54  4:42  Factory Reactor  
  54  4:45  Stimpack  
  54  4:48  SCV x2  
  54  4:49  Starport Reactor  
  54  4:50  Terran Infantry Weapons Level 1  
  54  4:51  Marine x2  
  54  4:52  Marine  
  59  5:00  SCV x2  
  59  5:04  Supply Depot  
  61  5:08  Marine  
  61  5:09  Marine  
  61  5:10  Marine  
  61  5:11  Combat Shield  
  61  5:12  Marine  
  61  5:13  SCV x2  
  67  5:17  Missile Turret  
  67  5:18  Missile Turret  
  67  5:19  Supply Depot  
  67  5:26  Medivac x2  
  67  5:28  Widow Mine  
  73  5:29  Widow Mine  
  73  5:31  Marine  
  73  5:32  Marine  
  73  5:34  Marine  
  78  5:40  Refinery  
  78  5:41  Marine, Supply Depot  
  78  5:42  SCV  
  80  5:43  SCV  
  80  5:49  Marine  
  82  5:50  Marine  
  82  5:52  Marine  
  82  5:55  Widow Mine  
  86  5:58  Supply Depot  
  86  6:03  Marine, Widow Mine  
  89  6:08  Command Center  
  89  6:16  SCV x2  
  91  6:21  Refinery  
  91  6:23  Widow Mine, Medivac x2  
  91  6:25  Marine, Widow Mine  
  99  6:31  SCV x2  
  98  6:37  Marauder x2  
  98  6:39  Marine  
  96  6:43  Marine, SCV x2  
  97  6:55  SCV x2, Barracks  
  97  6:57  Terran Infantry Armor Level 1, Barracks  
  101  7:03  Concussive Shells  
  101  7:07  Supply Depot  
  101  7:08  SCV x2  
  101  7:11  Supply Depot  
  101  7:21  Marauder x2  
  105  7:23  SCV  
  105  7:24  SCV  
  105  7:28  Marine x2  
  104  7:32  Widow Mine x2, Medivac x2  
  104  7:35  SCV  
  104  7:36  SCV  
  114  7:43  Armory  
  114  7:47  Marauder x2  
  114  7:48  Barracks Reactor, SCV x2, Barracks Tech Lab  
  120  7:57  Marine x2, Widow Mine x2  
  126  8:00  SCV x2  
  126  8:02  Medivac  
  130  8:08  Marauder  
  130  8:12  SCV  
  133  8:13  Orbital Command  
  133  8:16  SCV, Marauder x2  
  138  8:22  Supply Depot  
  138  8:24  SCV  
  139  8:28  SCV  
  139  8:30  Marine  
  141  8:34  Supply Depot  
  141  8:38  Marine  
  141  8:39  Marine  
  141  8:40  Marine  
  141  8:43  Marauder  
  141  8:44  Marauder x2  
  75  8:48  Widow Mine x2, Medivac x2  
  140  8:51  Terran Infantry Weapons Level 2  
  140  8:55  SCV x3  
  144  8:57  Marine  
  144  8:58  Marine x2  
  144  9:01  Refinery  
  144  9:02  Refinery  
  142  9:04  Marauder  
  142  9:05  Marauder x2  
  142  9:06  Supply Depot  
  146  9:10  Marine  
  146  9:15  Marine x2  
  146  9:16  Marine  
  150  9:20  Command Center  
  150  9:24  Engineering Bay  
  150  9:25  Terran Ship Weapons Level 1  
  150  9:26  Widow Mine x2, Marauder  
  150  9:28  Marauder x2  
  150  9:30  Supply Depot  
  160  9:32  Supply Depot  
  160  9:36  Marine x2  
  162  9:41  Marine x2  
  164  9:50  Terran Infantry Armor Level 2  
  164  9:51  Supply Depot  
  164  9:52  Marauder x3  
  166  10:01  Ghost Academy  
  166  10:02  Marine x3  
  166  10:03  Marine  
  166  10:04  Starport  
  170  10:09  Supply Depot  
  170  10:13  Viking x2  
  170  10:14  Marauder x3  
  176  10:34  Refinery  
  176  10:35  Enhanced Shockwaves, Missile Turret  
  176  10:37  Sensor Tower  
  176  10:38  Missile Turret  
  176  10:39  Refinery, Ghost x2  
  180  10:43  Viking x2, Ghost  
  185  10:53  Viking x2  
  180  11:08  Marauder x2  
  180  11:10  Planetary Fortress  
  184  11:14  Barracks  
  184  11:15  Barracks, Marauder  
  184  11:17  Marine x2, Barracks  
  188  11:24  Sensor Tower  
  188  11:32  Ghost x2  
  188  11:33  Marine x2  
  181  11:48  Marine, Ghost  
  181  11:49  Marine  
  181  11:50  Medivac  
  181  11:51  Medivac  
  181  11:52  Medivac  
  191  11:55  Marine x2  
  191  12:00  Ghost  
  191  12:01  Ghost  
  190  12:06  Marine  
  178  12:17  Viking, Marauder  
  178  12:18  Barracks Tech Lab  
  178  12:19  Barracks Reactor  
  178  12:20  Barracks Tech Lab  
  170  12:27  Marine x2  
  164  12:30  Marauder x2  
  164  12:31  Liberator x2  
  172  12:37  Ghost  
  172  12:38  Terran Infantry Weapons Level 3  
  172  12:42  Missile Turret  
  172  12:43  Marine  
  175  12:44  Marine  
  178  12:51  Marauder  
  178  12:52  Missile Turret  
  178  13:05  Ghost x2  
  171  13:06  Marauder  
  171  13:07  Marine x2, Marauder  
  171  13:11  Missile Turret  
  183  13:13  Marauder  
  183  13:15  Fusion Core  
  183  13:20  Terran Ship Weapons Level 2  
  183  13:30  Missile Turret  
  183  13:33  Liberator  
  186  13:36  Missile Turret  
  186  13:37  Liberator  
  186  13:40  Liberator  
  191  13:42  Liberator  
  194  13:51  Marauder  
  191  13:59  Missile Turret x2  
  189  14:04  Advanced Ballistics  
  189  14:11  Marauder  
  189  14:16  Liberator  
  194  14:20  Liberator  
  194  14:23  Liberator  
  190  14:25  Marauder x2  
  174  14:56  Ghost x2  
  174  14:57  Marauder x3  
  174  14:58  Marine x2  
  174  14:59  Marine x2  
  187  15:00  Marine  
  187  15:01  Liberator x2  
  187  15:02  Liberator  
  198  15:09  Marine  
  199  15:15  Marine  
  200  15:37  Missile Turret  
  200  15:39  Missile Turret  
  197  15:58  Marine x2, Marauder  
  169  16:06  Marauder  
  169  16:09  Marine x2, Marauder  
  164  16:11  Marauder  
  164  16:13  Marine x2, Marauder  
  164  16:19  Marine x2  
  164  16:20  Marauder  
  168  16:26  Marine, Ghost  
  168  16:29  Ghost  
  162  16:32  Marauder  
  162  16:33  Marine x2  
  162  16:34  Marauder  
  162  16:41  Marauder  
  162  16:42  Medivac x3  
  162  16:43  Medivac  
  172  16:54  Marauder  
  174  16:56  Marauder x2  
  174  16:58  Ghost  
  180  17:01  Ghost  
  182  17:14  Ghost  
  183  17:41  Marine x3  
  186  17:44  Marine x2  
Show
View Real Time Build Order
Export as new Build Order

ShoWTimE Protoss 

Build Orders: 1 Gate Expand, Phoenix Opening 

Get SALT Encoding   

  12  0:00  Probe  
  13  0:12  Probe  
  14  0:17  Pylon  
  14  0:24  Probe (Chrono Boost)  
  15  0:36  Probe (Chrono Boost)  
  15  0:37  Gateway  
  16  0:45  Assimilator, Probe (Chrono Boost)  
  17  0:51  Probe  
  18  1:03  Probe  
  19  1:15  Probe  
  20  1:24  Cybernetics Core  
  20  1:33  Nexus  
  20  1:39  Pylon  
  20  1:42  Probe  
  21  1:47  Assimilator  
  21  1:54  Probe  
  21  1:57  Adept (Chrono Boost)  
  24  2:06  Probe  
  25  2:17  Adept (Chrono Boost)  
  25  2:19  Probe  
  28  2:28  Stargate  
  28  2:31  Probe  
  28  2:34  Shield Battery  
  29  2:38  Warp Gate  
  29  2:42  Adept  
  31  2:44  Probe (Chrono Boost)  
  31  2:50  Probe (Chrono Boost)  
  33  2:54  Probe (Chrono Boost)  
  33  2:58  Probe (Chrono Boost)  
  35  2:59  Probe (Chrono Boost)  
  36  3:08  Probe  
  36  3:11  Probe  
  36  3:12  Phoenix (Chrono Boost)  
  40  3:13  Adept  
  40  3:18  Pylon  
  42  3:21  Probe  
  42  3:23  Probe  
  44  3:33  Probe  
  45  3:35  Phoenix (Chrono Boost)  
  45  3:39  Probe  
  48  3:45  Probe  
  48  3:47  Pylon  
  49  3:51  Probe  
  52  3:57  Probe  
  53  4:04  Nexus  
  53  4:06  Probe  
  53  4:09  Probe  
  51  4:10  Robotics Facility  
  51  4:13  Assimilator  
  51  4:15  Assimilator  
  51  4:18  Gateway, Probe  
  51  4:21  Probe  
  53  4:25  Twilight Council  
  53  4:30  Probe  
  54  4:33  Probe  
  54  4:34  Pylon  
  55  4:42  Probe  
  57  4:45  Gateway, Probe  
  57  4:47  Gateway  
  57  4:49  Gateway  
  57  4:52  Charge (Chrono Boost)  
  57  4:54  Probe  
  57  4:57  Observer, Probe  
  57  4:59  Pylon  
  60  5:05  Sentry  
  60  5:06  Probe  
  63  5:09  Probe  
  63  5:10  Shield Battery  
  64  5:17  Robotics Bay  
  64  5:18  Probe  
  64  5:19  Probe  
  64  5:20  Immortal  
  66  5:22  Probe  
  71  5:30  Probe  
  71  5:31  Probe  
  71  5:33  Phoenix  
  75  5:35  Probe  
  75  5:38  Pylon  
  75  5:42  Probe  
  77  5:43  Probe  
  77  5:47  Probe  
  77  5:48  Zealot x2  
  83  5:50  Zealot  
  83  5:52  Zealot  
  83  5:54  Zealot  
  89  5:57  Pylon  
  89  6:02  Phoenix (Chrono Boost)  
  91  6:12  Pylon, Zealot x3  
  91  6:18  Zealot x2  
  101  6:25  Phoenix (Chrono Boost)  
  96  6:34  Zealot x3  
  96  6:39  Colossus (Chrono Boost)  
  98  6:43  Probe x2  
  98  6:44  Probe  
  98  6:46  Assimilator  
  107  6:49  Assimilator  
  107  6:51  Pylon, Zealot x2  
  107  6:53  Phoenix  
  113  6:55  Probe x2  
  113  6:56  Pylon, Probe  
  113  6:58  Pylon  
  116  7:04  Extended Thermal Lance  
  116  7:07  Probe  
  117  7:12  Forge  
  117  7:13  Forge  
  117  7:16  Probe  
  117  7:18  Blink, Phoenix  
  120  7:26  Zealot x3  
  118  7:35  Colossus (Chrono Boost), Zealot x2  
  120  7:43  Protoss Ground Armor Level 1 (Chrono Boost)  
  126  7:44  Probe x3  
  129  7:51  Protoss Ground Weapons Level 1 (Chrono Boost), Stalker x2  
  129  7:54  Pylon  
  129  7:56  Probe  
  129  7:57  Pylon  
  134  8:00  Pylon  
  134  8:04  Photon Cannon  
  134  8:15  Phoenix  
  134  8:17  Colossus (Chrono Boost)  
  142  8:22  Pylon  
  142  8:27  Nexus  
  142  8:30  Pylon, Zealot x2  
  146  8:37  Zealot x3  
  152  8:44  Phoenix  
  148  8:52  Zealot x2, Robotics Facility  
  148  8:53  Probe x2  
  154  9:01  Probe  
  151  9:04  Dark Shrine  
  151  9:07  Shield Battery, Probe  
  151  9:08  Photon Cannon  
  152  9:14  Stalker x2  
  156  9:20  Gateway  
  156  9:22  Gateway  
  156  9:23  Sentry  
  158  9:25  Sentry  
  158  9:27  Observer  
  158  9:30  Gateway  
  161  9:32  Pylon  
  161  9:43  Stalker x3  
  167  9:47  Zealot  
  165  9:56  Protoss Ground Weapons Level 2 (Chrono Boost), Protoss Ground Armor Level 2 (Chrono Boost)  
  165  10:00  Zealot  
  165  10:03  Probe  
  165  10:04  Pylon, Probe x3  
  165  10:05  Disruptor (Chrono Boost)  
  171  10:11  Assimilator  
  171  10:12  Assimilator  
  177  10:14  Disruptor (Chrono Boost)  
  177  10:16  Probe x3  
  177  10:17  Shadow Stride (Chrono Boost)  
  177  10:18  Photon Cannon  
  177  10:21  Photon Cannon  
  178  10:31  Photon Cannon  
  181  10:40  Disruptor (Chrono Boost)  
  181  10:41  Disruptor (Chrono Boost)  
  180  10:47  Gateway  
  181  10:50  Gateway  
  171  11:00  Nexus, Zealot x7  
  171  11:02  Pylon  
  174  11:08  Disruptor  
  174  11:09  Disruptor  
  174  11:10  Zealot  
  180  11:21  Zealot x5, Stalker x2  
  193  11:44  Disruptor  
  194  11:50  Photon Cannon  
  194  11:52  Zealot  
  195  11:56  Zealot  
  195  11:57  Pylon  
  174  12:01  Zealot x5  
  167  12:11  Zealot  
  167  12:12  Dark Templar  
  160  12:23  Dark Templar x5  
  166  12:34  Protoss Ground Weapons Level 3 (Chrono Boost), Probe x2  
  166  12:35  Disruptor  
  171  12:39  Dark Templar x4  
  171  12:42  Nexus  
  179  12:44  Forge  
  179  12:45  Pylon  
  179  12:49  Pylon, Stalker  
  181  12:56  Stalker x5  
  181  12:58  Disruptor  
  184  13:13  Stalker x4  
  184  13:14  Stalker  
  184  13:19  Protoss Ground Armor Level 3 (Chrono Boost)  
  194  13:29  Probe x3  
  194  13:30  Gateway, Probe  
  194  13:32  Gateway  
  199  13:41  Probe x2  
  199  13:42  Observer  
  196  14:02  Photon Cannon  
  196  14:04  Photon Cannon  
  196  14:05  Shield Battery  
  196  14:11  Probe x3  
  196  14:14  Photon Cannon  
  196  14:16  Photon Cannon  
  199  14:23  Disruptor  
  198  14:30  Stalker x3  
  200  14:31  Stalker  
  200  14:33  Stalker  
  146  14:53  Stalker x4  
  146  14:54  Stalker x5  
  164  15:02  Stalker  
  164  15:04  Probe x2  
  164  15:05  Probe x2  
  164  15:06  Assimilator  
  170  15:07  Assimilator  
  170  15:09  Dark Templar x2  
  174  15:19  Dark Templar x7  
  174  15:20  Dark Templar  
  182  15:22  Assimilator  
  182  15:34  Pylon  
  182  15:37  Nexus  
  182  15:38  Pylon  
  174  15:47  Dark Templar  
  176  15:51  Stalker x3  
  152  16:04  Dark Templar  
  152  16:05  Dark Templar x4  
  136  16:11  Stalker  
  124  16:39  Stalker x3  
  121  16:54  Stalker x2  
  124  17:31  Nexus  

Tags
 
Add a new tag
Caveats
  • Supply blocks, unpowered buildings, or Contaminate may cause inaccurate times.
  • Supply counts are checked every 10 seconds.